 Dungeon Crawl Stone Soup version bcrawl-1.15.1 (webtiles) character file.

Game seed: 7691543207397170385

173 Kairok the Sneak (level 5, 0/45 HPs)
             Began as a Vine Stalker Rogue on Sept 26, 2019.
             Succumbed to a gnoll's poison
             ... on level 3 of the Dungeon.
             The game lasted 00:03:28 (1632 turns).

Kairok the Sneak (Vine Stalker Rogue)               Turns: 1632, Time: 00:03:28

Health: 0/45       AC: 22    Str: 11 (13) XL:     5   Next: 53%
Magic:  7/7        EV:  2    Int:  9 (11) God:
Gold:   105        SH: 10    Dex: 15 (17) Spells: 4/4 levels left

rFire    . . .     SeeInvis .   a - +3 dagger
rCold    . . .     Gourm    .   r - +0 large shield
rNeg     + + +     Faith    .   (armour currently unavailable)
rPois    +         Spirit   .   (helmet currently unavailable)
rElec    .         Reflect  .   (cloak currently unavailable)
rCorr    .         Harm     .   (gloves currently unavailable)
MR       .....     NoTele   +   (boots currently unavailable)
Stlth    +++.......             (no amulet)
HPRegen  0.55/turn              i - ring of wizardry
MPRegen  0.10/turn              (no ring)

@: lethally poisoned (0 -> -12), tree-form
A: regeneration 1, no potion heal 3, rot immunity
a: no special abilities


You were on level 3 of the Dungeon.
You were very hungry.
You were a tree.
You visited 1 branch of the dungeon, and saw 3 of its levels.

You collected 105 gold pieces.

Inventory:

Hand Weapons
 a - a +3 dagger (weapon)
 b - a +0 blowgun
Missiles
 e - 442 poisoned needles
 n - 68 javelins (quivered)
Armour
 c - a +0 robe
 d - a +0 cloak (melded)
 j - a +1 ring mail (melded)
 r - a +0 large shield (worn)
Jewellery
 i - a ring of wizardry (left branch)
Wands
 f - a wand of flame (15)
 g - a wand of enslavement (15)
Scrolls
 l - a scroll of blinking
 o - 3 scrolls of identify
 s - 2 scrolls of teleportation {unknown}
 t - a scroll of immolation {unknown}
Potions
 k - 2 potions of brilliance
 m - a potion of ambrosia
Comestibles
 h - 4 rations {!d}


   Skills:
 + Level 2.2 Fighting
 + Level 2.6 Short Blades
 + Level 0.7 Throwing
 + Level 1.7 Armour
 + Level 1.3 Dodging
 + Level 6.9 Stealth
 + Level 0.3 Shields
 + Level 2.0 Evocations


You had 4 spell levels left.
You didn't know any spells.
Your spell library was empty.

Dungeon Overview and Level Annotations

Branches:
Dungeon (3/12)

Altars:
Trog


Innate Abilities, Weirdness & Mutations

((You have extremely sharp teeth.))
Your natural rate of healing is unusually fast.
Potions cannot restore your health.
You are immune to rotting.
((Your bites deal extra damage.))


Message History

* * * LOW HITPOINT WARNING * * *
You feel sick.
You feel sick.
It was a potion of degeneration.
There was something very wrong with that liquid.
You feel weakened.
You feel dopey.
You feel clumsy.
You feel sick. You block the gnoll's attack.
It was a potion of lignification.
You turn into a tree.
Your +0 cloak melds into your body.
Your +1 ring mail melds into your body.
Your roots penetrate the ground.
You feel sick. You block the gnoll's attack.
The gnoll hits you but does no damage.
You hit the gnoll.
The gnoll is lightly wounded.
You feel sick.
The gnoll hits you from afar with a +1 spear of venom.
* * * LOW HITPOINT WARNING * * *
You are more poisoned.
You hit the gnoll.
The gnoll is moderately wounded.
You die...

#............... #
#....#....S..
#.##............ .
.......g#....... ..
.......r#....... ...
##......##......
.............# #.....
.............#########
........#...grgg♣....#
......#.#....#######.#
......#.###.## #..#
........###.# ##..#
.........##.## #..##
.............###..#
......#.##...)....#
......#.##..####..#
#.#####.###.# ##.#


You could see 3 gnolls and a rat.

Vanquished Creatures
  2 crimson imps
  A worker ant zombie (D:3)
  An adder (D:2)
  3 oozes
  A worm (D:2)
  2 dart slugs
  3 leopard geckos
  3 orcs (D:3)
  6 bats
  A giant cockroach (D:2)
  4 goblins
  9 hobgoblins
  4 jackals (D:1)
  9 kobolds
  2 ball pythons (D:2)
  5 frilled lizards
  6 rats
62 creatures vanquished.

Notes
Turn   | Place    | Note
-------+----------+-------------------------------------------
     0 | D:1      | Kairok the Vine Stalker Rogue began the quest for the Orb.
     0 | D:1      | Reached XP level 1. HP: 12/12 MP: 3/3
    13 | D:1      | Reached skill level 6 in Stealth
   120 | D:1      | Reached XP level 2. HP: 17/17 MP: 4/4
   255 | D:1      | Reached XP level 3. HP: 16/21 MP: 5/5
   773 | D:2      | Reached skill level 1 in Dodging
   846 | D:2      | Reached XP level 4. HP: 26/26 MP: 6/6
   972 | D:2      | Reached skill level 1 in Armour
  1266 | D:3      | Reached XP level 5. HP: 30/30 MP: 7/7
  1421 | D:3      | Found a bloodstained altar of Trog.
  1631 | D:3      | HP: 1/45 [gnoll/+1 spear of venom (4)]
  1632 | D:3      | Succumbed to a gnoll's poison

Skill      XL: |  1  2  3  4 |
---------------+-------------+-----
Stealth        | 6 |  6.9
Evocations     | 2 |  2.0
Fighting       | 2 |  2.2
Short Blades   | 2 |  2.6
Dodging        | 1 |  1.3
Armour         | 1 |  1.7
Throwing       | |  0.7
Shields        | |  0.3

Action                   |  1- 3 |  4- 6 || total
-------------------------+-------+-------++-------
Melee: Dagger            |   172 |   219 ||   391
       Bite              |    21 |    24 ||    45
Throw: Javelin           |       |    27 ||    27
  Use: Scroll            |     2 |     3 ||     5
       Potion            |     2 |     2 ||     4
 Stab: Sleeping          |     9 |     2 ||    11
       Distracted        |     1 |       ||     1
  Eat: Chunk             |       |     2 ||     2
Armor: Ring mail         |    77 |    74 ||   151
       Skin              |       |     1 ||     1
Dodge: Dodged            |   100 |    52 ||   152
Block: Large shield      |       |    63 ||    63
